 Dungeon Crawl Stone Soup version 0.31-a0-192-ga50d7bf3bb (webtiles) character file.

Game seed: 12933703591740727105

105 qw the Skirmisher (level 4, -1/25 HPs)
             Began as a Deep Elf Hunter on June 23, 2023.
             Slain by a gnoll
             ... wielding a +0 club
              (6 damage)
             ... on level 2 of the Dungeon.
             The game lasted 00:00:26 (1257 turns).

qw the Skirmisher (Deep Elf Hunter)                 Turns: 1257, Time: 00:00:27

Health: -1/25      AC:  3    Str: 10    XL:     4   Next: 53%
Magic:  6/6        EV: 12    Int: 14    God:
Gold:   81         SH:  0    Dex: 18    Spells: 3/3 levels left

rFire   . . .        Y - +0 shortbow
rCold   . . .        (shield currently unavailable)
rNeg    . . .        c - +0 leather armour
rPois   .            (no helmet)
rElec   .            (no cloak)
rCorr   .            (no gloves)
SInv    .            (no boots)
Will    .....        (no amulet)
Stlth   ++           (no ring)
HPRegen 0.24/turn    (no ring)
MPRegen 0.10/turn

%: no passive effects
@: no status effects
A: no striking features
a: no special abilities


You were on level 2 of the Dungeon.
You visited 1 branch of the dungeon, and saw 2 of its levels.

You collected 81 gold pieces.


   Skills:
 - Level 1.5 Fighting
 + Level 8.0 Ranged Weapons
 - Level 2.4 Dodging
 - Level 1.2 Stealth


You had 3 spell levels left.
You didn't know any spells.
Your spell library was empty.

Inventory:

Hand Weapons
 Y - a +0 shortbow (weapon)
Armour
 a - a +0 ring mail
 c - a +0 leather armour (worn)
 l - a +0 pair of boots
Scrolls
 g - a scroll of brand weapon {unknown}
 i - 3 scrolls of identify
 j - a scroll of blinking {unknown}
Potions
 b - a potion of mutation {unknown}
 d - a potion of might {unknown}
 e - 3 potions of heal wounds {unknown}
 f - 2 potions of attraction {unknown}
 h - a potion of curing {unknown}
 k - a potion of invisibility {unknown}

Dungeon Overview and Level Annotations

Branches:
Dungeon (2/15)

Altars:


Message History

You shoot an arrow. The arrow hits the gnoll.
The gnoll is almost dead.
You shoot an arrow. The arrow hits the gnoll!
You kill the gnoll!
A gnoll comes into view. It is wielding a +0 spear.
You shoot an arrow. The arrow hits the bat.
The bat is moderately wounded.
The bat barely misses you.
The gnoll throws a throwing net.
The throwing net barely misses you.
You shoot an arrow. The arrow hits the gnoll!
The gnoll is heavily wounded.
The bat barely misses you.
A gnoll comes into view. It is wielding a +0 club.
You shoot an arrow. The arrow hits the gnoll.
The gnoll is almost dead.
The bat hits you but does no damage.
You shoot an arrow. The arrow hits the gnoll.
You kill the gnoll!
The bat barely misses you.
You shoot an arrow. The arrow hits the bat!
You kill the bat!
The gnoll hits you from afar with a +0 spear.
Your Ranged Weapons skill increases to level 8!
You shoot an arrow. The arrow hits the gnoll!
The gnoll is severely wounded.
The gnoll hits you from afar with a +0 spear!
You shoot an arrow. The arrow hits the gnoll.
The gnoll is almost dead.
The gnoll hits you from afar with a +0 spear.
You shoot an arrow. The arrow hits the gnoll.
The gnoll is almost dead.
The gnoll barely misses you.
You shoot an arrow.
The arrow hits the gnoll but does no damage.
The gnoll hits you from afar with a +0 spear!
The gnoll hits you with a +0 club.
You shoot an arrow.
The arrow hits the gnoll but does no damage.
The gnoll hits you with a +0 club.
You die...

#.######. ### ..7.. #.#
#. #.# .... ##.## #.
#.# #...### #...# #.
#.# #..##.###..[#####.
#.# #.)##.#...........
#.# #g%..............[
#.# #g###.#.......####
#.# #@# #.#.#...###
#.####.###.#.#...#
#.....(......##.#######
###############........
#########


You could see 2 gnolls.

Vanquished Creatures
  2 gnolls (D:2)
  4 adders (D:2)
  A worm (D:2)
  A dart slug (D:2)
  An orc (D:2)
  2 ball pythons (D:2)
  4 endoplasms (D:1)
  3 giant cockroaches
  5 goblins
  7 hobgoblins
  2 jackals (D:2)
  3 bats
  2 frilled lizards (D:1)
  A kobold (D:1)
  2 rats (D:1)
40 creatures vanquished.

Notes
Turn   | Place    | Note
-------+----------+-------------------------------------------
     0 | D:1      | qw the Deep Elf Hunter began the quest for the Orb.
     0 | D:1      | Reached XP level 1. HP: 12/12 MP: 3/3
     0 | D:1      | 0 ||| qw: Version: 0.3-a-9-g12657ce
     0 | D:1      | 0 ||| qw: Game counter: 4578
     0 | D:1      | 0 ||| qw: Always use a shield: true
     0 | D:1      | 0 ||| qw: God list: Okawaru
     0 | D:1      | 0 ||| qw: Allow faded altars: false
     0 | D:1      | 0 ||| qw: Do Orc after D:15 true
     0 | D:1      | 0 ||| qw: Do second Lair branch before Depths: true
     0 | D:1      | 0 ||| qw: Lair rune preference: random
     0 | D:1      | 0 ||| qw: Plans: Normal
     0 | D:1      | 0 ||| PLANNING D:1-11
   241 | D:1      | Reached XP level 2. HP: 16/16 MP: 4/4
   246 | D:1      | Reached skill level 6 in Ranged Weapons
   616 | D:1      | 616 ||| READING scroll labelled YTAIDI HE WIJ.
   617 | D:1      | 617 ||| READING scroll labelled APILEW PUMMYU.
   621 | D:1      | 621 ||| DROPPING scroll of butterflies.
   710 | D:2      | Reached XP level 3. HP: 20/20 MP: 5/5
   719 | D:2      | Reached skill level 7 in Ranged Weapons
  1091 | D:2      | Reached XP level 4. HP: 25/25 MP: 6/6
  1095 | D:2      | Found a faded altar of an unknown god.
  1253 | D:2      | Reached skill level 8 in Ranged Weapons
  1256 | D:2      | HP: 5/25 [gnoll/+0 club (3)]
  1257 | D:2      | Slain by a gnoll

Levels and vault maps discovered:
D:1:      ncdulo_wetmaze, layout_loops_ring, minmay_heptomino_l4
D:2:      layout_loops_ring, basic_ecumenical_altar, grunt_ministairs_12,
          skrybe_limestone_x, serial_bayou_crossing

Skill      XL: |  1  2  3  4 |
---------------+-------------+-----
Ranged Weapons | 6 7 8 |  8.0
Fighting       | |  1.5
Dodging        | |  2.4
Stealth        | |  1.2

Action                     |  1- 3 |  4- 6 || total
---------------------------+-------+-------++-------
   Fire: Shortbow          |    89 |    19 ||   108
    Use: Scroll            |     2 |       ||     2
 Armour: Leather armour    |     9 |     2 ||    11
  Dodge: Dodged            |    11 |     5 ||    16

Table legend:
 A = Non-vault XP
 B = Vault XP
 C = Vault XP percentage of total XP
 D = Non-vault monster count
 E = Vault monster count
 F = Vault count percentage of total count
                 A         B        C        D         E       F
            +---------+---------+-------+---------+---------+-------
      Total |     143 |       7 |   4.7 |      36 |       4 |  10.0
            +---------+---------+-------+---------+---------+-------
        D:1 |      29 |       5 |  14.7 |      17 |       3 |  15.0
        D:2 |     114 |       2 |   1.7 |      19 |       1 |   5.0
            +---------+---------+-------+---------+---------+-------
